 Dungeon Crawl Stone Soup version 0.30.1-9-gdf580d7c3d (webtiles) character file.

Game seed: 14462276548038040217

70 jurchenman the Magician (level 4, 0/24 HPs)
             Began as a Deep Elf Fire Elementalist on Oct 11, 2023.
             Slain by an orc wizard
             ... wielding a +1 dagger of venom
              (1 damage)
             ... on level 3 of the Dungeon.
             The game lasted 00:06:53 (1841 turns).

jurchenman the Magician (DEFE)                      Turns: 1841, Time: 00:06:54

Health: 0/24       AC:  3    Str:  5    XL:     4   Next: 4%
Magic:  11/12      EV: 12    Int: 22    God:
Gold:   71         SH:  0    Dex: 15    Spells: 5/11 levels left

rFire   . . .        d - +0 dagger
rCold   . . .        (no shield)
rNeg    . . .        a - +0 robe
rPois   .            (no helmet)
rElec   .            (no cloak)
rCorr   .            f - +0 pair of gloves
SInv    .            (no boots)
Will    .....        (no amulet)
Stlth   ++           (no ring)
HPRegen 0.24/turn    (no ring)
MPRegen 0.13/turn

%: no passive effects
@: lethally poisoned (0 -> -12), flying
A: no striking features
a: no special abilities


You were on level 3 of the Dungeon.
You visited 2 branches of the dungeon, and saw 5 of its levels.

You collected 71 gold pieces.

Inventory:

Hand Weapons
 c - a +0 whip
 d - a +0 dagger (weapon)
Armour
 a - a +0 robe (worn)
 f - a +0 pair of gloves (worn)
Jewellery
 j - an amulet of faith
Scrolls
 h - a scroll of amnesia
 i - a scroll of fear {unknown}
Potions
 b - 2 potions of magic
 g - a potion of haste {unknown}
 k - a potion of might {unknown}


   Skills:
 - Level 2.4 Dodging
 - Level 2.4 Stealth
 + Level 4.1 Spellcasting
 + Level 2.4 Conjurations
 + Level 1.0 Hexes
 + Level 4.0 Fire Magic


You had 5 spell levels left.
You knew the following spells:

 Your Spells              Type           Power      Damage    Failure   Level
a - Foxfire               Conj/Fire      72%        2x1d7     3%          1
b - Scorch                Fire           44%        2d7       3%          2
c - Inner Flame           Hex/Fire       15%        N/A       12%         3

Your spell library contained the following spells:

 Spells                   Type           Power      Damage    Failure   Level
 Volatile Blastmotes      Fire/Tloc      26%        2d12      14%         3
 Flame Wave               Conj/Fire      18%        2d7       28%         4


Dungeon Overview and Level Annotations

Branches:
Dungeon (4/15)             Temple (1/1) D:4

Altars:
Cheibriados
Elyvilon
Fedhas
Gozag
Hepliaklqana
Nemelex Xobeh
Qazlal
Uskayaw
Wu Jian
Xom
The Shining One


Message History

Something unseen opens the large door.
A goblin comes into view. It is wielding a +0 sling.
Casting: Scorch (safe; 3% risk of failure)
Confirm with . or Enter, or press ? or * to list all spells.
You conjure some foxfire!
Casting: Foxfire (safe; 3% risk of failure)
Confirm with . or Enter, or press ? or * to list all spells.
You conjure some foxfire!
The orc wizard gestures wildly while chanting.
The orc wizard flickers and vanishes!
Deactivating autopickup; reactivate with Ctrl-A.
The foxfire hits the goblin.
You kill the goblin!
The foxfire hits something but does no damage.
The foxfire hits something.
The foxfire hits something but does no damage.
Something hits you but does no damage.
You are poisoned.
You feel very sick.
Casting: Foxfire (safe; 3% risk of failure)
Confirm with . or Enter, or press ? or * to list all spells.
You conjure some foxfire!
You feel sick.
You hear some strange, mumbled words.
Something tries to affect you, but you resist.
Your foxfire dissipates!
Something hits you.
You are lethally poisoned!
You feel very sick.
The foxfire hits something.
Something hits you.
You are more poisoned.
* * * LOW HITPOINT WARNING * * *
You feel very sick.
It was a potion of flight.
You feel very buoyant.
You fly up into the air.
* * * LOW HITPOINT WARNING * * *
You feel very sick. Something hits you.
You die...

#.###### #.# #.##...#
#!# #....#.# #.#
#.##...# #.# #.###.##
##.####'####
#......###...#.)..#.#
#####..##.........#.#
#..##.....#####.###
#....@............#
######....#######.#
##.#.# #.# #...# #.#
###.# #># #.# #.....
#.# ###### #.#


There were no monsters in sight!

Vanquished Creatures
  An iguana (D:4)
  2 adders (D:4)
  A ball python (D:4)
  4 endoplasms
  2 giant cockroaches
  5 goblins
  A hobgoblin (D:2)
  3 jackals (D:1)
  3 bats
  3 frilled lizards (D:1)
  2 rats
27 creatures vanquished.

Vanquished Creatures (others)
  42 foxfires
42 creatures vanquished.

Grand Total: 69 creatures vanquished

Notes
Turn   | Place    | Note
-------+----------+-------------------------------------------
     0 | D:1      | jurchenman the Deep Elf Fire Elementalist began the quest
                  | for the Orb.
     0 | D:1      | Reached XP level 1. HP: 10/10 MP: 6/6
   453 | D:1      | Reached XP level 2. HP: 15/15 MP: 8/8
   456 | D:1      | Learned a level 2 spell: Scorch
  1258 | D:2      | You fall into a shaft and drop 2 floors!
  1264 | D:4      | Reached XP level 3. HP: 19/19 MP: 5/10
  1352 | D:4      | Found a staircase to the Ecumenical Temple.
  1361 | Temple   | Entered the Ecumenical Temple
  1617 | D:4      | Learned a level 3 spell: Inner Flame
  1654 | D:4      | Reached skill level 1 in Hexes
  1654 | D:4      | Reached XP level 4. HP: 24/24 MP: 1/12
  1841 | D:3      | HP: 1/24 [poisoned by an orc wizard]
  1841 | D:3      | Slain by an orc wizard

Illustrated notes

Levels and vault maps discovered:
D:1:      minmay_arrival_open_corners, layout_loops_ring, serial_forest,
          infiniplex_forest_straight_2, infiniplex_forest_lined_room_2,
          infiniplex_forest_3_way, infiniplex_forest_clump_small,
          infiniplex_forest_lined_room_, infiniplex_forest_straight_5,
          infiniplex_forest_pool, infiniplex_forest_clump_small,
          kennysheep_another_room
D:2:      minmay_angry_zag, layout_loops_ring, basic_altar, serial_shops,
          nicolae_shop_rolling_square
D:3:      layout_loops_ring, mainiacjoe_overflow_brackets,
          grunt_dithmenos_smoke_and_mirrors, minmay_goblin_outpost
D:4:      layout_basic, minmay_temple_entry_mini_moons
Temple:   minmay_temple_curvy_loop

Skill      XL: |  1  2  3 |
---------------+----------+-----
Conjurations   | 2 |  2.4
Spellcasting   | 4 |  4.1
Hexes          | 1 |  1.0
Fire Magic     | 4 |  4.0
Dodging        | |  2.4
Stealth        | |  2.4

Action                     |  1- 3 |  4- 6 || total
---------------------------+-------+-------++-------
  Melee: Dagger            |    43 |     1 ||    44
         Punch             |     1 |       ||     1
   Cast: Foxfire           |    23 |     3 ||    26
         Scorch            |     6 |       ||     6
    Use: Scroll            |     3 |       ||     3
         Potion            |       |     1 ||     1
   Stab: Sleeping          |     3 |     1 ||     4
         Distracted        |     1 |       ||     1
 Armour: Robe              |    14 |     1 ||    15
  Dodge: Dodged            |    27 |       ||    27
